 Dungeon Crawl Stone Soup version 0.27-a0-1177-g245c70e1c0 (webtiles) character file.

Game seed: 10736097570456933992

38 freelancePsychic the Poker (level 3, 0/27 HPs)
             Began as a Merfolk Gladiator on May 16, 2021.
             Slain by an adder (2 damage)
             ... on level 2 of the Dungeon.
             The game lasted 00:01:46 (802 turns).

freelancePsychic the Poker (Merfolk Gladiator)       Turns: 802, Time: 00:01:47

Health: 0/27       AC:  4    Str: 15    XL:     3   Next: 43%
Magic:  3/3        EV: 13    Int:  7    God:
Gold:   45         SH:  0    Dex: 15    Spells: 2/2 levels left

rFire    . . .     SeeInvis .   a - +0 trident
rCold    . . .     Faith    .   (no shield)
rNeg     . . .     Spirit   .   f - +0 leather armour
rPois    .         Reflect  .   c - +0 helmet
rElec    .         Harm     .   (no cloak)
rCorr    .         Rampage  .   (no gloves)
Will     .....                  (no boots)
Stlth    +.........             (no amulet)
HPRegen  0.09/turn              (no ring)
MPRegen  0.08/turn              (no ring)

@: no status effects
A: (nimble swimmer 2), mertail
a: no special abilities


You were on level 2 of the Dungeon.
You visited 1 branch of the dungeon, and saw 2 of its levels.

You collected 45 gold pieces.

Inventory:

Hand Weapons
 a - a +0 trident (weapon)
 b - a +0 fustibalus
Missiles
 d - 3 throwing nets (quivered)
Armour
 c - a +0 helmet (worn)
 f - a +0 leather armour (worn)
Scrolls
 g - a scroll of identify {unknown}
Potions
 e - 2 potions of curing {unknown}
 h - a potion of attraction {unknown}


   Skills:
 - Level 2.1 Fighting
 + Level 5.5 Polearms
 - Level 2.0 Throwing
 + Level 5.0 Dodging


You had 2 spell levels left.
You didn't know any spells.
Your spell library was empty.

Dungeon Overview and Level Annotations

Branches:
Dungeon (2/15)

Altars:

Shops:
D:1 !


Innate Abilities, Weirdness & Mutations

((You are quick and stealthy near water. (Stealth+, EV+, Speed+++)))
Your lower body shifts to a powerful aquatic tail in water.


Message History

You hit the adder.
The adder is severely wounded.
You feel sick. The adder bites you.
The jackal bites you but does no damage.
You hit the adder.
The adder is severely wounded.
You feel sick. The adder bites you.
* * * LOW HITPOINT WARNING * * *
The jackal closely misses you. The adder barely misses you.
The jackal closely misses you.
You miss the adder.
The adder is severely wounded.
You feel sick. The jackal barely misses you. The adder barely misses you.
You barely miss the adder.
The adder is severely wounded.
You feel sick.
The jackal bites you but does no damage.
The adder barely misses you.
A jackal comes into view.
The jackal completely misses you.
You barely miss the adder.
The adder is severely wounded.
You feel sick. The adder barely misses you.
The jackal bites you but does no damage.
The adder bites you but does no damage.
You closely miss the adder.
The adder is heavily wounded.
You feel sick.
The jackal barks!
The jackal barely misses you. The adder closely misses you.
You closely miss the adder.
The adder is heavily wounded.
You feel sick.
You are no longer poisoned.
The jackal closely misses you. The adder closely misses you.
The jackal bites you but does no damage.
You closely miss the adder.
The adder is heavily wounded.
The adder bites you.
You die...

#.. #.# #.# ..#
#.## #.. #S#
######@#######
#......h.h..$.
#...........h.
....###†#######
### #..# ##.#
#.# #.#
#.#######


You could see an adder and 3 jackals.

Vanquished Creatures
  3 dart slugs (D:1)
  A bat (D:1)
  4 endoplasms (D:1)
  A giant cockroach (D:1)
  2 goblins (D:1)
  3 hobgoblins
  7 jackals (D:1)
  A quokka (D:1)
  2 frilled lizards (D:1)
  A kobold (D:1)
  3 rats (D:1)
28 creatures vanquished.

Notes
Turn   | Place    | Note
-------+----------+-------------------------------------------
     0 | D:1      | freelancePsychic the Merfolk Gladiator began the quest for
                  | the Orb.
     0 | D:1      | Reached XP level 1. HP: 16/16 MP: 1/1
    10 | D:1      | Found Ewkell's Distillery.
    43 | D:1      | Reached XP level 2. HP: 9/22 MP: 2/2
   314 | D:1      | Reached skill level 5 in Polearms
   485 | D:1      | Reached XP level 3. HP: 27/27 MP: 3/3
   695 | D:1      | Reached skill level 5 in Dodging
   802 | D:2      | Slain by an adder

Illustrated notes

Levels and vault maps discovered:
D:1:      enne_arrival_octagon_isle, layout_rooms, serial_shops, shop
D:2:      layout_loops_ring

Skill      XL: |  1  2  3 |
---------------+----------+-----
Polearms       | 5 |  5.5
Dodging        | 5 |  5.0
Fighting       | |  2.1
Throwing       | |  2.0

Action                   || total
-------------------------++-------
Melee: Trident           ||   100
 Stab: Sleeping          ||     1
Armor: Leather armour    ||    23
Dodge: Dodged            ||    75

Table legend: (Time is in decaauts)
 A = Elapsed time spent in this place.
 B = Non-inter-level travel time spent in this place.
 C = Inter-level travel time spent in this place.
 D = Time resting spent in this place.
 E = Time spent auto-exploring this place.
 F = Levels seen in this place.
 G = Mean time per level.
                   A        B        C        D        E       F      G
               +--------+--------+--------+--------+--------+-----+--------+
         Total |    804 |    802 |      2 |    214 |    371 |   2 |  402.0 |
       Dungeon |    804 |    802 |      2 |    214 |    371 |   2 |  402.0 |
               +--------+--------+--------+--------+--------+-----+--------+

Top non-repeatable levels by time:
     D:1: 771 daAuts
     D:2: 33 daAuts
